 Dungeon Crawl Stone Soup version 0.17-a0-1636-g3119f2b (webtiles) character file.

71 karlkraus the Insei (level 4, -2/32 HPs)
             Began as an Octopode Monk on Aug 5, 2015.
             Slain by a gnoll
             ... wielding a +0 whip
              (5 damage)
             ... on level 2 of the Dungeon.
             The game lasted 00:01:44 (835 turns).

karlkraus the Insei (Octopode Monk)                  Turns: 835, Time: 00:01:44

Health: -2/32      AC:  1    Str: 11    XL:     4   Next: 24%
Magic:  4/4        EV: 13    Int: 12    God:
Gold:   106        SH:  0    Dex: 14    Spells: 0 memorised, 3 levels left

rFire  x . .     SeeInvis .       - Unarmed
rCold  + . .     Clarity  .     (no shield)
rNeg   . . .     SustAt   .     (helmet restricted)
rPois  .         Gourm    .     (no amulet)
rElec  .         Spirit   .     f - ring of ice
rCorr  .         Warding  .     (no ring)
rMut   .         Stasis   .     (no ring)
MR     .....                    (no ring)
Stlth  ++++......               (no ring)
                                (no ring)
                                (no ring)
                                (no ring)

@: not resistant to hostile enchantments, stealthy
A: almost no armour, amphibious, 8 rings, constrict 8, camouflage 1, gelatinous
body 1
a: no special abilities


You were on level 2 of the Dungeon.
You were not hungry.

You visited 1 branch of the dungeon, and saw 2 of its levels.

You collected 106 gold pieces.

Inventory:

Armour
 r - a +2 buckler
Jewellery
 f - a ring of ice (left tentacle)
Magical devices
 q - a wand of frost (19)
Scrolls
 j - a scroll of remove curse {unknown}
 l - a scroll of noise {unknown}
 m - a scroll of fog {unknown}
 n - a scroll of blinking {unknown}
Potions
 b - a potion of magic {unknown}
 c - 2 potions of agility {unknown}
 d - 2 potions of invisibility {unknown}
 e - 2 potions of ambrosia {unknown}
 g - a potion of lignification {unknown}
 i - a potion of curing {unknown}
 o - 2 potions of degeneration {unknown}
Comestibles
 a - a bread ration
 h - 2 slices of pizza
 k - 2 meat rations
 p - a chunk of flesh


   Skills:
 + Level 3.6 Fighting
 + Level 3.6 Dodging
 + Level 3.2 Stealth
 + Level 4.6 Unarmed Combat


You had 3 spell levels left.
You didn't know any spells.

Dungeon Overview and Level Annotations

Branches:
Dungeon (2/15)

Altars:


Innate Abilities, Weirdness & Mutations

You cannot wear most types of armour.
You are amphibious.
You can wear up to eight rings at the same time.
You can use your tentacles to constrict eight enemies at once.
Your skin changes colour to match your surroundings (Stealth).
Your rubbery body absorbs attacks (AC +1).


Message History

The gnoll is heavily wounded.
The gnoll hits you with a whip.
* * * LOW HITPOINT WARNING * * *
You are too injured to fight recklessly!
You are too injured to fight recklessly!
You are too injured to fight recklessly!
You tentacle-slap the gnoll. Your grab misses the gnoll.
The gnoll is severely wounded.
The gnoll hits you with a whip.
* * * LOW HITPOINT WARNING * * *
You tentacle-slap the gnoll but do no damage.
You grab the gnoll.
The gnoll is severely wounded.
You constrict the gnoll, but do no damage.
The gnoll misses you.
You tentacle-slap the gnoll.
The gnoll is almost dead.
You constrict the gnoll, but do no damage.
The gnoll hits you with a whip.
You die...

#.#. #... .<#..# #...
..#..# #... .g#..# #.#.
..#..# #.#.#..#..# #g#...
#..# #########@#..###..#
#.....(...#.......##
#........)###.##).)#
#.........###..#...######
#########......+........#
######.#........#
.....#.......#
###..#.......#
##.#.......#


You could see a gnoll.

Vanquished Creatures
  Ijyb (D:2)
  A gnoll (D:2)
  A worm (D:2)
  4 giant geckos
  3 bats
  A goblin (D:1)
  7 hobgoblins
  2 kobolds (D:1)
  A giant cockroach (D:1)
  4 rats (D:1)
25 creatures vanquished.

Notes
Turn   | Place    | Note
--------------------------------------------------------------
     0 | D:1      | karlkraus the Octopode Monk began the quest for the Orb.
     0 | D:1      | Reached XP level 1. HP: 16/16 MP: 1/1
    91 | D:1      | Reached XP level 2. HP: 11/21 MP: 2/2
   559 | D:1      | Reached XP level 3. HP: 26/26 MP: 3/3
   774 | D:2      | Noticed Ijyb
   785 | D:2      | Killed Ijyb
   785 | D:2      | Reached XP level 4. HP: 25/31 MP: 4/4
   835 | D:2      | Slain by a gnoll

Vault maps used:
D:1:      elethiomel_arrival_quiet
D:2:      lemuel_doored_altar, overflow_temple_1_default, xom_butterflies,
          uniq_sigmund, uniq_iyjb

Action                   |  1- 3 |  4- 6 || total
-------------------------+-------+-------++-------
Melee: Unarmed           |    51 |    13 ||    64
 Stab: Sleeping          |     4 |       ||     4
